 Dungeon Crawl Stone Soup version 0.30-a0-1074-g5db6f66fbb (webtiles) character file.

Game seed: 891808443942305232

241 gelatine the Trooper (level 5, 0/39 (42) HPs)
             Began as a Demonspawn Fighter on Apr 13, 2023.
             Slain by a wight
             ... wielding a +2 mace of protection
              (6 damage)
             ... on level 4 of the Dungeon.
             The game lasted 00:06:42 (2720 turns).

gelatine the Trooper (Demonspawn Fighter)           Turns: 2720, Time: 00:06:42

HP:   0/39 (42)     AC:  4    Str: 18    XL:     5   Next: 80%
MP:   0/6           EV: 11    Int: 14    God:
Gold: 176           SH:  4    Dex: 12    Spells: 3/5 levels left

rFire   . . .      SeeInvis .    a - +0 war axe
rCold   . . .      Faith    .    c - +0 buckler
rNeg    . . .      Spirit   +    n - +0 leather armour of Starshine {Int+2}
rPois   +          Reflect  .    (no helmet)
rElec   .          Rampage  .    (no cloak)
rCorr   .                        l - +0 pair of gloves
Will    .....                    (no boots)
Stlth   +                        (no amulet)
HPRegen 0.26/turn                t - ring of poison resistance
MPRegen 0.20/turn                (no ring)

@: mighty, drained
A: magic shield, magic regeneration, big brain 1
a: no special abilities


You were on level 4 of the Dungeon.
You visited 1 branch of the dungeon, and saw 4 of its levels.

You collected 196 gold pieces.
You spent 20 gold pieces at shops.

Inventory:

Hand Weapons
 a - a +0 war axe (weapon)
 f - a +2 great mace of draining
Missiles
 x - 3 boomerangs (quivered)
Armour
 c - a +0 buckler (worn)
 l - a +0 pair of gloves (worn)
 n - the +0 leather armour of Starshine (worn) {Int+2}
   (You found it on level 2 of the Dungeon)

   Int:       It affects your intelligence (+2).
Jewellery
 t - a ring of poison resistance (left hand)
Wands
 i - a wand of polymorph (11)
 q - a wand of roots (8)
Scrolls
 b - a scroll of identify
 e - 2 scrolls of noise
 g - a scroll of vulnerability
 h - a scroll of immolation
 k - a scroll of teleportation
 p - 3 scrolls of magic mapping
 v - a scroll of enchant armour {unknown}
Potions
 j - a potion of lignification
 m - a potion of curing
 o - a potion of attraction
 r - 2 potions of berserk rage
 s - a potion of mutation {unknown}
 u - a potion of cancellation {unknown}
 w - a potion of resistance {unknown}


   Skills:
 * Level 3.7 Fighting
 * Level 3.5 Axes
 * Level 3.4 Armour
 * Level 1.1 Dodging
 + Level 0.1 Stealth
 * Level 3.0 Shields
 * Level 0.9 Spellcasting
 * Level 1.1 Translocations
 * Level 1.0 Evocations


You had 3 spell levels left.
You knew the following spells:

 Your Spells              Type           Power      Damage    Failure   Level
a - Blink                 Tloc           6%         N/A       36%         2

Your spell library contained the following spells:

 Spells                   Type           Power      Damage    Failure   Level
 Apportation              Tloc           6%         N/A       26%         1
 Magic Dart               Conj           0%         1d3       38%         1
 Necrotise                Necr           0%         1d4       38%         1
 Summon Small Mammal      Summ           0%         N/A       38%         1
 Searing Ray              Conj           0%         2d4       54%         2
 Ozocubu's Armour         Ice            0%         N/A       77%         3
 Manifold Assault         Tloc           3%         N/A       95%         4
 Fulminant Prism          Conj/Hex       0%         3d5       99%         4
 Metabolic Englaciation   Hex/Ice        0%         N/A       100%        5
 Simulacrum               Ice/Necr       0%         N/A       100%        6
 Storm Form               Tmut/Air       0%         N/A       100%        7


Dungeon Overview and Level Annotations

Branches:
Dungeon (4/15)
 Temple: D:4-7

Altars:
Cheibriados

Shops:
D:2 (?


Innate Abilities, Weirdness & Mutations

When hurt, damage is shared between your health and your magic reserves.
You regenerate magic rapidly.
You have an unusually large brain. (Int +2)


Message History

You destroy the wight!
Your life force feels restored.
Your Evocations skill increases to level 1!
Things that are here:
a +0 mace of protection; a +0 robe
Things that are here:
a +0 flail; a +0 robe Magic restored.
A wight comes into view. It is wielding a +2 mace of protection.
Found a scroll labelled RAJUIWOZAD and 6 gold pieces.
You see here 3 stones.
A wight comes into view. It is wielding a +2 falchion.
You block the wight's attack.
You barely miss the wight.
The wight hits you with a +2 mace of protection.
The wight hits you with a +2 mace of protection!
You hit the wight.
The wight is moderately damaged.
You block the wight's attack.
You closely miss the wight.
The wight is moderately damaged.
You barely miss the wight. The wight hits you but does no damage.
You block the wight's attack. The wight hits you with a +2 falchion.
The wight hits you with a +2 mace of protection.
You closely miss the wight.
The wight is moderately damaged.
You hit the wight. The wight hits you with a +2 falchion.
The wight hits you with a +2 mace of protection.
You feel drained.
You slash the wight!
The wight is almost destroyed.
You hit the wight but do no damage. The wight hits you with a +2 falchion!
* * * LOW HITPOINT WARNING * * *
You feel drained.
* * * LOW HITPOINT WARNING * * *
The wight closely misses you.
You feel very mighty all of a sudden. You block the wight's attack.
The wight hits you with a +2 mace of protection!
You die...

# #### .. .#..$## ##..#
. #.###....?##. ###..
.### ..#......... .....
...##.#.......#
.###..####............#
..............#..<...##
##...............z....##
##.....>.....(..@z.....#
##..........##........#
#...........###.....#.#
##...........####...##
..............###.###
###........))...#.#
.##..........####.#
.............# .#
...####.######


You could see 2 wights.

Vanquished Creatures
  2 wights (D:4)
  A howler monkey (D:4)
  An adder (D:2)
  6 dart slugs
  3 orcs (D:3)
  7 ball pythons
  5 endoplasms
  3 giant cockroaches
  8 goblins
  7 hobgoblins
  8 jackals
  5 kobolds
  4 quokkas
  4 bats
  6 frilled lizards
  6 rats
76 creatures vanquished.

Notes
Turn   | Place    | Note
-------+----------+-------------------------------------------
     0 | D:1      | gelatine the Demonspawn Fighter began the quest for the
                  | Orb.
     0 | D:1      | Reached XP level 1. HP: 18/18 MP: 1/1
   132 | D:1      | Gained mutation: You have an unusually large brain. (Int
                  | +2) [demonic ancestry]
   132 | D:1      | Reached XP level 2. HP: 24/24 MP: 2/2
   768 | D:2      | Reached XP level 3. HP: 28/29 MP: 3/3
   846 | D:2      | Found Ader Vitoed's Magic Scroll Boutique.
   895 | D:2      | Bought a scroll of identify for 20 gold pieces
   974 | D:2      | Found a faded altar of an unknown god.
  1054 | D:2      | Learned a level 2 spell: Blink
  1078 | D:2      | Found Dyam's Weapon Shop.
  1398 | D:2      | Identified the +0 leather armour of Starshine {Int+2}
  1743 | D:3      | Gained mutation: You regenerate magic rapidly. [demonic
                  | ancestry]
  1743 | D:3      | Reached XP level 4. HP: 23/35 MP: 4/4
  2168 | D:3      | Found a snail-covered altar of Cheibriados.
  2494 | D:4      | Gained mutation: When hurt, damage is shared between your
                  | health and your magic reserves. [demonic ancestry]
  2494 | D:4      | Reached XP level 5. HP: 34/41 MP: 5/5
  2575 | D:4      | Reached skill level 1 in Dodging
  2575 | D:4      | Reached skill level 1 in Translocations
  2577 | D:4      | Reached skill level 1 in Evocations
  2720 | D:4      | Slain by a wight

Illustrated notes

Levels and vault maps discovered:
D:1:      dpeg_arrival_shelter, layout_loops_cross, nicolae_figureground_sparkle
D:2:      layout_basic, serial_shops, nicolae_shop_advertising_works
          [nicolae_subvault_shop_adworks], nicolae_shop_bloodbath_and_beyond,
          hellmonk_ecumenical_altar_arch_garden, minmay_misc_feat_rugged,
          minmay_cut_off
D:3:      layout_rooms, kennysheep_slug_shrine, hangedman_decor_riveting,
          minmay_misc_feat_roman, wad_floor_pattern_1, minmay_misc_feat_alley
D:4:      layout_rooms, lemuel_crystal_altar, minmay_temple_entry_butterflies,
          reono_crystal_passage, goddamned_bats

Skill      XL: |  1  2  3  4  5 |
---------------+----------------+-----
Axes           | 2 3 |  3.5
Armour         | 3 |  3.4
Shields        | 3 |  3.0
Dodging        | 1 |  1.1
Translocations | 1 |  1.1
Evocations     | 1 |  1.0
Fighting       | |  3.7
Stealth        | |  0.1
Spellcasting   | |  0.9

Action                     |  1- 3 |  4- 6 || total
---------------------------+-------+-------++-------
  Melee: War axe           |   141 |    63 ||   204
  Throw: Boomerang         |       |     3 ||     3
    Use: Scroll            |     5 |     5 ||    10
         Potion            |       |     1 ||     1
 Armour: Scale mail        |    66 |       ||    66
         Leather armour    |     6 |    16 ||    22
  Dodge: Dodged            |    87 |    19 ||   106
  Block: Buckler           |    34 |    17 ||    51

Table legend: (Time is in decaauts)
 A = Elapsed time spent in this place.
 B = Non-inter-level travel time spent in this place.
 C = Inter-level travel time spent in this place.
 D = Time resting spent in this place.
 E = Time spent auto-exploring this place.
 F = Levels seen in this place.
 G = Mean time per level.
                   A        B        C        D        E       F      G
               +--------+--------+--------+--------+--------+-----+--------+
         Total |   2807 |   2704 |    103 |      0 |   2035 |   4 |  701.8 |
       Dungeon |   2807 |   2704 |    103 |      0 |   2035 |   4 |  701.8 |
               +--------+--------+--------+--------+--------+-----+--------+

Top non-repeatable levels by time:
     D:2: 941 daAuts
     D:1: 788 daAuts
     D:3: 671 daAuts
     D:4: 405 daAuts
